 Dungeon Sprint DCSS version 0.26-a0-1177-g1209ec82b9 (webtiles) character file.

Game seed: 12560002006891492796

835 reriks the Fighter (level 7, -3/78 HPs)
             Began as a Gargoyle Berserker on Dec 24, 2020.
             Was a Priest of Trog.
             Slain by a wyvern (9 damage)
             ... in the Dungeon (Sprint II: "The Violet Keep of Menkaure").
             The game lasted 00:01:03 (920 turns).

reriks the Fighter (Gargoyle Berserker)              Turns: 920, Time: 00:01:04

Health: -3/78      AC:  6    Str: 20    XL:     7   Next: 99%
Magic:  6/6        EV: 15    Int:  8    God:    Trog [***...]
Gold:   729        SH:  0    Dex:  9    Spells: 6/6 levels left

rFire    . . .     SeeInvis .   a - +0 hand axe
rCold    . . .     Faith    .   (no shield)
rNeg     + . .     Spirit   .   b - +0 animal skin
rPois    ∞         Reflect  .   (no helmet)
rElec    +         Harm     .   (no cloak)
rCorr    .         Rampage  .   (no gloves)
Will     .....     NoTele   +   (no boots)
Stlth    ..........             (no amulet)
HPRegen  0.23/turn              (no ring)
MPRegen  0.10/turn              (no ring)

@: berserking, very quick
A: deformed body, low mp 1, negative energy resistance 1, electricity
resistance, weak 1, unbreathing, petrification resistance, miasma immunity, AC
+4
a: Renounce Religion, Berserk, Trog's Hand


You were in the Dungeon.
You worshipped Trog.
Trog was most pleased with you.
You visited 1 branch You collected 729 gold pieces.

Inventory:

Hand Weapons
 a - a +0 hand axe (weapon)
Armour
 b - a +0 animal skin (worn)
Scrolls
 h - a scroll of blinking
Potions
 c - a potion of curing
 d - a potion of heal wounds
 f - 2 potions of magic
 g - a potion of berserk rage


   Skills:
 + Level 9.8 Fighting
 + Level 8.3 Axes
 + Level 9.5 Armour
 + Level 7.3 Dodging


You had 6 spell levels left.
You didn't know any spells.
Your spell library was empty.

Dungeon Overview and Level Annotations

Branches:
Dungeon (1/1)

Altars:


Innate Abilities, Weirdness & Mutations

You are resistant to torment.
Your stone body is resilient. (AC +4)
You are immune to poison.
You resist negative energy. (rN+)
You are resistant to electric shocks. (rElec)
You can survive without breathing.
You are immune to petrification.
You are immune to miasma.
Armour fits poorly on your strangely shaped body.
Your magical capacity is low. (-10% MP)
You are weak. (Str -2)


Message History

The wyvern is moderately wounded.
The wyvern bites you.
You closely miss the wyvern.
The wyvern is moderately wounded.
You hit the wyvern.
The wyvern is moderately wounded.
The wyvern bites you!
* * * LOW HITPOINT WARNING * * *
You closely miss the wyvern.
The wyvern is moderately wounded.
The wyvern bites you!
* * * LOW HITPOINT WARNING * * *
You slash the wyvern!
The wyvern is severely wounded.
The wyvern hisses menacingly.
The wyvern bites you but does no damage.
You hit the wyvern.
The wyvern is almost dead.
The wyvern bites you!
You die...

+## ####.##
#..##.# #
#...#### #.
##'###.##
#l##.##...#
#l@<.')#.+
#.##.##...#
#.
##'###.## #
##.#.####
#..##.#
##..###
##+#


You could see 2 wyverns.

Vanquished Creatures
  A merfolk siren (D)
  4 neqoxecs (D)
  3 worms (D)
8 creatures vanquished.

Vanquished Creatures (others)
  Menkaure (D)
  A water moccasin (D)
2 creatures vanquished.

Grand Total: 10 creatures vanquished

Notes
Turn   | Place    | Note
-------+----------+-------------------------------------------
     0 | D        | reriks the Gargoyle Berserker began the quest for the Orb.
     0 | D        | Reached XP level 1. HP: 14/14 MP: 1/1
    14 | D        | Reached XP level 2. HP: 13/20 MP: 2/2
    21 | D        | Reached ** piety under Trog
    33 | D        | Killed Menkaure
    37 | D        | Killed a water moccasin
   396 | D        | Noticed a wyvern
   396 | D        | Noticed a wyvern
   399 | D        | Noticed a neqoxec
   399 | D        | Noticed a neqoxec
   399 | D        | Noticed a neqoxec
   399 | D        | Noticed a neqoxec
   401 | D        | Noticed a crimson imp
   407 | D        | Killed a neqoxec
   408 | D        | Reached skill level 5 in Axes
   408 | D        | Reached skill level 5 in Armour
   408 | D        | Reached XP level 3. HP: 27/27 MP: 3/3
   408 | D        | Reached XP level 4. HP: 32/32 MP: 4/4
   408 | D        | Reached XP level 5. HP: 36/36 MP: 5/5
   411 | D        | Gained mutation: Your magical capacity is low. (-10% MP) [a
                  | neqoxec]
   412 | D        | Gained mutation: You are weak. (Str -2) [a neqoxec]
   417 | D        | Killed a neqoxec
   418 | D        | Reached skill level 5 in Dodging
   418 | D        | Reached XP level 6. HP: 18/44 MP: 5/5
   421 | D        | Gained mutation: Armour fits poorly on your strangely
                  | shaped body. [a neqoxec]
   421 | D        | HP: 2/44 [white imp[a neqoxec] (2)]
   422 | D        | Killed a neqoxec
   422 | D        | Reached *** piety under Trog
   425 | D        | Killed a neqoxec
   426 | D        | Reached XP level 7. HP: 3/50 MP: 6/6
   722 | D        | Noticed a merfolk siren
   738 | D        | Killed a merfolk siren
   920 | D        | Slain by a wyvern

Illustrated notes

Levels and vault maps discovered:
D:        the_violet_keep_of_menkaure [sprint2_stairs_cluster_1,
          sprint2_shoproom, sprint2_temple, sprint2_basic_supplies,
          sprint2_obstacle_4, sprint2_obstacle_1, sprint2_obstacle_6,
          sprint2_obstacle_7, sprint2_obstacle_2, sprint2_timed_cluster_1,
          sprint2_smallroom_cluster_1, sprint2_smallroom_final_cluster_1,
          sprint2_transparent_cluster_1, sprint2_second_timed_cluster_1,
          sprint2_sniper_area_1, sprint2_heavy_combat_area_1,
          sprint2_mutation_trap_area_1, sprint2_forest_area_1,
          sprint2_light_combat_area_1, sprint2_behind_water_1,
          sprint2_near_end_vault_1]

Skill      XL: |  1  2  3  4  5  6  7 |
---------------+----------------------+-----
Axes           | 3 5 6 7 8 |  8.3
Dodging        | 2 4 5 6 7 |  7.3
Armour         | 3 5 7 8 9 |  9.5
Fighting       | 6 7 8 9 |  9.8

Action                   |  1- 3 |  4- 6 |  7- 9 || total
-------------------------+-------+-------+-------++-------
Melee: Hand axe          |    23 |    16 |    24 ||    63
Invok: Berserk           |     2 |       |     2 ||     4
  Use: Potion            |       |     1 |       ||     1
Armor: Animal skin       |     3 |    13 |     1 ||    17
Dodge: Dodged            |     6 |    17 |     3 ||    26

Table legend: (Time is in decaauts)
 A = Elapsed time spent in this place.
 B = Non-inter-level travel time spent in this place.
 C = Inter-level travel time spent in this place.
 D = Time resting spent in this place.
 E = Time spent auto-exploring this place.
 F = Levels seen in this place.
 G = Mean time per level.
                   A        B        C        D        E       F      G
               +--------+--------+--------+--------+--------+-----+--------+
         Total |    927 |    927 |      0 |    815 |      0 |   1 |  927.0 |
       Dungeon |    927 |    927 |      0 |    815 |      0 |   1 |  927.0 |
               +--------+--------+--------+--------+--------+-----+--------+

Top non-repeatable levels by time:
       D: 927 daAuts
